 Dungeon Crawl Stone Soup version 0.18-a0-1026-ge317a7f (webtiles) character file.

1 Jmtri7 the Charlatan (level 1, -13/15 HPs)
             Began as a Formicid Artificer on Jan 8, 2016.
             Mangled by a two-headed ogre
             ... wielding a cursed +0 giant club
              (24 damage)
             ... on level 15 of the Dungeon.
             The game lasted 00:01:40 (373 turns).

Jmtri7 the Charlatan (Formicid Artificer)            Turns: 373, Time: 00:01:40

Health: -13/15     AC:  3    Str: 15    XL:     1   Next: 22%
Magic:  3/3        EV: 11    Int: 11    God:
Gold:   32         SH:  0    Dex: 11    Spells: 0 memorised, 0 levels left

rFire  . . .     SeeInvis +     a - +0 short sword
rCold  . . .     Gourm    .     b - +0 leather armour
rNeg   . . .     Faith    .     (no shield)
rPois  .         Spirit   .     (helmet unavailable)
rElec  .         Dismiss  .     (no cloak)
rCorr  .         Reflect  .     (no gloves)
SustAt .         Harm     .     (no boots)
MR     .....                    (no amulet)
Stlth  +.........               (no ring)
                                (no ring)

@: not resistant to hostile enchantments, very unstealthy
A: permanent stasis, dig shafts and tunnels, four strong arms, antennae 3
a: Dig, Shaft Self


You were on level 15 of the Dungeon.
You were near starving.

You visited 1 branch of the dungeon, and saw 11 of its levels.

You collected 32 gold pieces.

Inventory:

Hand Weapons
 a - a +0 short sword (weapon)
Armour
 b - a +0 leather armour (worn)
Wands
 c - a wand of flame (15/48)
 d - a wand of enslavement (11/24)
 e - a wand of random effects (15/48)
Scrolls
 g - a scroll of identify {unknown}
Comestibles
 f - a bread ration


   Skills:
 - Level 1.1 Fighting
 - Level 1.0 Short Blades
 - Level 1.7 Dodging
 + Level 1.5 Stealth
 - Level 3.2 Evocations


You couldn't memorise any spells.
You didn't know any spells.

Dungeon Overview and Level Annotations

Branches:
Dungeon (13/15)
 Temple: D:4-7         Lair: D:8-11         Orc: D:9-12      Vaults: D:13-14

Altars:
Xom

Annotations:
D:15 Sonja


Innate Abilities, Weirdness & Mutations

You are under a permanent stasis effect.
You can dig through walls and to a lower floor.
Your four strong arms can wield two-handed weapons with a shield.
You have a pair of large antennae on your head (SInv).


Message History

You dig through the rock wall.
You retract your mandibles.
Found a yellow potion.
Jmtri7's ghost closely misses you. Jmtri7's ghost hits you.
Your efreet hits Jmtri7's ghost with a scimitar of flaming!
Your efreet burns Jmtri7's ghost.
Jmtri7's ghost hits your efreet but does no damage.
Your efreet hits Jmtri7's ghost with a scimitar of flaming!
Your efreet burns Jmtri7's ghost.
Jmtri7's ghost is destroyed!
Your efreet hits the two-headed ogre with a scimitar of flaming.
Your efreet burns the two-headed ogre.
Zapping:
d - a wand of enslavement (12/24)
Press: ? - help, Shift-Dir - straight line, f - two-headed ogre, p - efreet
Aim: a two-headed ogre, wielding two giant clubs (moderately wounded, chance to defeat MR: 35%)
The two-headed ogre easily resists.
This wand has 11 charges left.
The two-headed ogre hits you with a giant club!!
Ouch! That really hurt!
You die...

#......# #......##
#........ .....#
#.......Z ....#
#........ ....
#........ .O.
#.....## ..#
#@....#.#####.#
####O....#.....#.#
#...R....+.......#
#..§.!...#....O#§####
####.....#.....#W....
#.§...#...§.#.....
###...#..#.##.....
#...####........
#...............


You could see a two-headed ogre, a centaur skeleton (wandering) and a friendly
efreet.

Vanquished Creatures (collateral kills)
  The ghost of Jmtri7 the Charlatan, a weakling FoAr (D:15)
1 creature vanquished.

Notes
Turn   | Place    | Note
--------------------------------------------------------------
     0 | D:1      | Jmtri7 the Formicid Artificer began the quest for the Orb.
     0 | D:1      | Reached XP level 1. HP: 15/15 MP: 3/3
     6 | D:1      | You fall through a shaft!
     9 | D:2      | You fall through a shaft!
    12 | D:3      | You fall through a shaft!
    12 | D:4      | Noticed a jelly
    15 | D:4      | You fall through a shaft for 3 floors!
    15 | D:7      | Noticed a hound
    18 | D:7      | You fall through a shaft for 2 floors!
    21 | D:9      | You fall through a shaft!
    21 | D:10     | Entered Level 10 of the Dungeon
    34 | D:10     | Noticed a hound
    36 | D:10     | You fall through a shaft for 2 floors!
    36 | D:12     | Noticed a centaur warrior
    36 | D:12     | Noticed a centaur
    36 | D:12     | Noticed a centaur
    36 | D:12     | Noticed a centaur skeleton
    39 | D:12     | You fall through a shaft!
   295 | D:13     | Noticed an ogre
   299 | D:13     | You fall through a shaft!
   299 | D:14     | Noticed a manticore
   299 | D:14     | Noticed a deep elf mage
   299 | D:14     | Noticed a hippogriff
   302 | D:14     | You fall through a shaft!
   302 | D:15     | Entered Level 15 of the Dungeon
   302 | D:15     | Found a shimmering altar of Xom.
   307 | D:15     | Noticed a hippogriff
   323 | D:15     | Noticed Jmtri7's ghost (weakling FoAr)
   324 | D:15     | Noticed Sonja
   343 | D:15     | Noticed an efreet
   347 | D:15     | Noticed a two-headed ogre
   366 | D:15     | Killed Jmtri7's ghost
   373 | D:15     | Mangled by a two-headed ogre

Vault maps used:
D:1:      dpeg_arrival_round_a, bh_walls_and_bars
D:2:      minitemple
D:4:      nicolae_ossuary_entry_false_entrances
D:9:      orc_0_dummy, serial_shops, kennysheep_mini_moat, nicolae_shop_trees,
          nicolae_shop_waterfront, uniq_prince_ribbit1, uniq_pikel, uniq_erica
D:10:     lair_0_dummy, hangedman_fish_farm, jmf_multi_god_temple2
D:13:     grunt_vaults_entry_fortified, kennysheep_diamond,
          kennysheep_generic_room_12
D:14:     nicolae_dithmenos_shadow_blocks, minmay_misc_feat_encased,
          david_defended_altar_orc
D:15:     grunt_enter_depths_hoard, serial_shops, nicolae_shop_crystal,
          cheibriados_altar_1, basic_altar, grunt_qazlal_clouds, uniq_sonja

Action                   || total
-------------------------++-------
 Abil: Shaft Self        ||    10
       Dig               ||     3
Evoke: Wand              ||     4
